AoeStats
← theo.bres

Hideout

510099537Analyzed
1v1 RM · 1d ago on Sep 29, 2026· 45m 30s· 2 players
Game mode
Random Map
Map size
Tiny (2 player)
Population
200
Speed
Normal
Resources
Standard
Victory
Conquest
Starting age
Dark Age
Ending age
Imperial Age
RankedLock teamsTeams togetherTeam positionsShared explorationLock speedFull tech treeHidden civsTurbo modeCheats
Victory
Defeat
🇹🇼 Goths · Taiwan
1251
+17
🇫🇷 Malay · France
1273
-17
ez
0:26 Loom
9:17 Feudal Age
9:21 Man-at-Arms
10:46 Double-Bit Axe
12:30 Horse Collar
16:38 Fletching
24:08 Castle Age
23:51 Stone Mining
24:49 Scale Mail Armor
24:11 Pikeman
24:46 Gold Mining
25:36 Squires
34:53 Imperial Age
36:38 Wheelbarrow
40:00 Forging
40:58 Bodkin Arrow
42:02 Stone Shaft Mining
42:12 Conscription
44:46 Chemistry
44:05 Chain Mail Armor
theo.bres
9:26 Feudal Age
7:43 Loom
9:10 Double-Bit Axe
14:37 Man-at-Arms
21:36 Castle Age
19:32 Horse Collar
22:46 Scale Barding Armor
32:00 Padded Archer Armor
34:00 Wheelbarrow
34:14 Husbandry
39:07 Fletching
41:43 Heavy Plow
Connection lost

Rejoining the realm…

Still unreachable

The connection could not be restored.

Session expired

The server has moved on; the page needs a fresh start.